 Dungeon Crawl Stone Soup version 0.20-a0-9-g62d82d9 (console) character file.

120 lynn the Skirmisher (level 5, 44/44 HPs)
             Began as a Formicid Fighter on Nov 1, 2016.
             Quit the game on level 2 of the Dungeon.
             The game lasted 00:01:05 (1458 turns).

lynn the Skirmisher (Formicid Fighter)              Turns: 1458, Time: 00:01:06

Health: 44/44      AC:  6    Str: 21    XL:     5   Next: 25%
Magic:  5/5        EV:  7    Int:  7    God:
Gold:   43         SH:  9    Dex: 11    Spells: 0 memorised, 4 levels left

rFire  . . .     SeeInvis +     a - +0 war axe
rCold  . . .     Gourm    .     b - +0 scale mail
rNeg   . . .     Faith    .     c - +0 shield
rPois  .         Spirit   .     (helmet unavailable)
rElec  .         Reflect  .     (no cloak)
rCorr  .         Harm     .     (no gloves)
MR     .....                    (no boots)
Stlth  ..........               (no amulet)
                                (no ring)
                                (no ring)

@: starving
A: permanent stasis, dig shafts and tunnels, four strong arms, antennae 3
a: Dig, Shaft Self


You were on level 2 of the Dungeon.
You were starving.

You visited 1 branch of the dungeon, and saw 2 of its levels.

You collected 43 gold pieces.

Inventory:

Hand Weapons
 a - a +0 war axe (weapon)
Armour
 b - a +0 scale mail (worn)
 c - a +0 shield (worn)
 h - a cursed -2 cloak
 o - a cursed +0 scale mail
Jewellery
 j - a cursed ring of loudness {unknown}
 m - an uncursed ring of protection from fire {unknown}
Scrolls
 e - a scroll of recharging {unknown}
 g - 3 scrolls of enchant armour {unknown}
 i - 2 scrolls of teleportation {unknown}
 k - 2 scrolls of remove curse {unknown}
 n - a scroll of identify {unknown}
 q - a scroll of amnesia {unknown}
Potions
 d - a potion of might
 l - a potion of brilliance {unknown}
 p - a potion of lignification {unknown}
Comestibles
 f - a bread ration


   Skills:
 + Level 5.0 Fighting
 + Level 3.7 Axes
 - Level 3.2 Armour
 - Level 3.6 Shields


You had 4 spell levels left.
You didn't know any spells.

Dungeon Overview and Level Annotations

Branches:
Dungeon (2/15)

Altars:
Trog


Innate Abilities, Weirdness & Mutations

You are under a permanent stasis effect.
You can dig through walls and to a lower floor.
Your four strong arms can wield two-handed weapons with a shield.
You have a pair of large antennae on your head. (SInv)


Message History

You need to eat something NOW!
You are too hungry to fight recklessly!
You need to eat something NOW!
You are too hungry to fight recklessly!
You need to eat something NOW!
You are too hungry to fight recklessly!
You need to eat something NOW!
You are too hungry to fight recklessly!
You need to eat something NOW!
You are too hungry to fight recklessly!
You need to eat something NOW!
You are too hungry to fight recklessly!
You need to eat something NOW!
You are too hungry to fight recklessly!
Unknown command.
Okay, then.
Save game and exit?
Okay, then.
Unknown command.
Are you sure you want to abandon this character and quit the game? (Confirm with "yes".)

#.......# #.#.#
#.......# #.#.#
#.#########.#.#
#.##..........#
#.##.######.###
#.##.# #.#
#.##.# #.#
#.##.#
#.########
#....#
#.@.......
######
##########


There were no monsters in sight!

Vanquished Creatures
  Jessica (D:2)
  2 adders (D:2)
  A gnoll (D:1)
  2 oozes (D:1)
  A dart slug (D:1)
  2 worms (D:2)
  4 leopard geckos
  A giant cockroach (D:1)
  13 goblins
  4 hobgoblins
  10 bats
  2 frilled lizards
  3 kobolds
  4 rats
50 creatures vanquished.

Notes
Turn   | Place    | Note
-------+----------+-------------------------------------------
     0 | D:1      | lynn the Formicid Fighter began the quest for the Orb.
     0 | D:1      | Reached XP level 1. HP: 18/18 MP: 1/1
    52 | D:1      | Reached XP level 2. HP: 22/24 MP: 2/2
   159 | D:1      | Reached skill level 4 in Fighting
   159 | D:1      | Reached XP level 3. HP: 29/30 MP: 3/3
   530 | D:2      | Noticed Jessica
   535 | D:2      | Reached XP level 4. HP: 37/37 MP: 4/4
   541 | D:2      | Killed Jessica
   866 | D:2      | Reached XP level 5. HP: 43/43 MP: 5/5
  1140 | D:2      | Reached skill level 5 in Fighting
  1232 | D:2      | Found a bloodstained altar of Trog.
  1458 | D:2      | Quit the game

Vault maps used:
D:1:      erik_arrival_gehennom, minmay_misc_feat_plants
D:2:      grunt_ministairs_2, bloody_trog, uniq_jessica

Skill      XL: |  1  2  3  4  5 |
---------------+----------------+-----
Fighting       | 4 5 |  5.0
Axes           | 3 |  3.7
Armour         | |  3.2
Shields        | |  3.6

Action                   |  1- 3 |  4- 6 || total
-------------------------+-------+-------++-------
Melee: War axe           |    97 |    54 ||   151
Armor: Scale mail        |    35 |    28 ||    63
Dodge: Dodged            |    31 |    19 ||    50
Block: Shield            |    59 |    36 ||    95

Vault maps used:
D:1:      erik_arrival_gehennom, minmay_misc_feat_plants
D:2:      grunt_ministairs_2, bloody_trog, uniq_jessica
